Map: Snowbound Colony

Players

Leiferon

  • Race: Protoss Protoss
  • Spawn Location: 1:00

BlueHawk

  • Race: Terran Terran
  • League: Bronze
  • Spawn Location: 1:00

fortes - Winner!

  • Race: Zerg Zerg
  • League: Silver
  • Spawn Location: 7:00

DarkTemplar - Winner!

  • Race: Protoss Protoss
  • League: Silver
  • Spawn Location: 6:00

Pryce - Winner!

  • Race: Protoss Protoss
  • Spawn Location: 7:00

VOD

Have the link to the VOD?

Description

Time

  • Played on: Sept. 28, 2018, 2:26 p.m.
  • Length: 15:41
Show
View Real Time Build Order
Export as new Build Order

Leiferon Protoss 

Build Orders:  

Get SALT Encoding   

  12  0:01  Probe  
  13  0:13  Probe  
  14  0:20  Pylon  
  14  0:25  Probe  
  15  0:36  Assimilator  
  15  0:38  Probe  
  16  0:47  Gateway  
  16  0:50  Probe  
  17  0:58  Probe  
  18  1:06  Probe  
  18  1:08  Pylon  
  19  1:17  Probe  
  20  1:24  Gateway  
  20  1:29  Probe  
  21  1:35  Zealot  
  23  1:41  Probe  
  24  1:47  Forge  
  24  1:49  Probe  
  25  1:57  Probe  
  26  2:01  Pylon  
  26  2:08  Zealot  
  28  2:14  Zealot  
  30  2:16  Probe  
  31  2:24  Probe  
  32  2:33  Cybernetics Core, Probe  
  33  2:40  Assimilator  
  33  2:42  Zealot  
  35  2:46  Probe  
  36  2:58  Probe  
  37  3:15  Pylon  
  37  3:18  Stalker  
  37  3:19  Nexus  
  39  3:33  Stalker  
  41  3:42  Probe  
  41  3:44  Protoss Ground Weapons Level 1  
  42  3:52  Pylon  
  42  3:54  Stalker  
  42  3:58  Probe  
  43  4:02  Stalker  
  47  4:15  Stargate  
  47  4:17  Pylon  
  47  4:19  Probe  
  47  4:23  Stalker  
  50  4:31  Probe  
  51  4:43  Stalker  
  53  4:48  Probe, Protoss Air Weapons Level 1  
  53  4:51  Void Ray  
  54  4:53  Pylon, Stalker  
  60  5:08  Probe  
  60  5:11  Probe  
  62  5:23  Stalker  
  56  5:56  Void Ray  
  60  5:57  Stalker x2  
  58  6:24  Probe x2  
  60  6:31  Assimilator  
  60  6:36  Probe  
  60  6:39  Assimilator  
  61  6:42  Probe, Assimilator  
  62  6:47  Zealot x2  
  62  6:48  Probe  
  67  6:55  Probe  
  67  7:00  Probe  
  69  7:07  Probe  
  70  7:14  Zealot x2  
  74  7:23  Photon Cannon  
  74  7:25  Photon Cannon  
  74  7:30  Pylon  
  74  7:36  Probe x2  
  76  7:40  Void Ray  
  76  7:41  Zealot x2  
  84  7:44  Probe  
  84  7:48  Probe  
  86  7:52  Probe  
  87  8:00  Probe  
  88  8:15  Zealot  
  88  8:16  Zealot  
  88  8:17  Protoss Ground Armor Level 1  
  88  8:19  Protoss Air Armor Level 1  
  92  8:20  Probe  
  92  8:21  Probe  
  94  8:42  Pylon  
  94  8:43  Pylon  
  94  8:45  Pylon  
  94  8:48  Pylon  
  94  8:50  Pylon  
  94  8:54  Pylon  
  94  9:00  Probe, Zealot x2  
  94  9:01  Void Ray  
  103  9:08  Nexus  
  103  9:23  Assimilator  
  103  9:27  Assimilator  
  103  9:33  Pylon  
  103  9:34  Pylon  
  103  9:37  Pylon, Zealot x2  
  107  9:49  Probe x2  
  109  10:01  Probe  
  109  10:05  Stargate, Zealot  
  112  10:08  Fleet Beacon  
  112  10:13  Twilight Council  
  112  10:17  Protoss Shields Level 1  
  100  11:11  Probe  
  100  11:12  Probe x2  
  101  11:20  Carrier x2  
  101  11:21  Anion Pulse-Crystals  
  101  11:23  Probe  
  101  11:25  Stalker x2  
  116  11:27  Protoss Air Weapons Level 2  
  116  11:29  Charge  
  118  11:45  Pylon  
  118  11:47  Photon Cannon  
  118  11:48  Photon Cannon  
  118  11:50  Photon Cannon  
  118  11:52  Photon Cannon  
  118  11:53  Photon Cannon  
  118  11:58  Probe  
  119  12:10  Probe  
  119  12:13  Stargate  
  119  12:14  Stargate  
  119  12:15  Zealot x2  
  124  12:17  Pylon  
  124  12:18  Pylon  
  124  12:21  Graviton Catapult  
  124  12:22  Probe  
  125  12:33  Nexus, Carrier  
  125  12:34  Probe  
  126  12:38  Carrier  
  126  12:43  Zealot  
  126  12:44  Protoss Ground Weapons Level 2, Zealot  
  114  13:33  Carrier x2  
  86  13:45  Zealot x2  
  102  13:54  Carrier  
  102  14:00  Assimilator  
  98  14:05  Assimilator  
  104  14:11  Carrier  
  110  14:18  Zealot x2  
  103  14:55  Zealot  
Show
View Real Time Build Order
Export as new Build Order

BlueHawk Terran 

Build Orders: MMM Bio 

Get SALT Encoding   

  12  0:15  SCV  
  12  0:16  Supply Depot  
  14  0:28  Refinery, SCV  
  14  0:41  Barracks  
  14  0:46  SCV  
  15  0:58  SCV  
  16  1:09  Supply Depot  
  16  1:10  SCV  
  17  1:28  Orbital Command  
  17  1:29  Reaper  
  18  1:51  Factory  
  18  1:53  SCV  
  19  1:58  Refinery  
  19  2:06  SCV  
  20  2:13  Barracks  
  20  2:21  SCV  
  21  2:39  SCV, Marine  
  21  2:41  Factory Tech Lab  
  23  2:52  SCV  
  23  2:57  Marine  
  25  3:03  Barracks Tech Lab  
  25  3:04  SCV  
  25  3:14  Siege Tank  
  28  3:24  Stimpack  
  28  3:25  Marine  
  29  3:29  Marine  
  30  3:35  SCV  
  30  3:42  Command Center  
  30  3:47  SCV  
  31  3:59  Supply Depot  
  31  4:00  Supply Depot  
  31  4:05  Engineering Bay  
  31  4:06  Engineering Bay  
  31  4:16  Siege Tank, SCV  
  35  4:33  Marine x2  
  37  4:40  Terran Infantry Armor Level 1, Terran Infantry Weapons Level 1  
  37  4:42  SCV  
  38  4:51  Marine  
  39  5:05  SCV  
  39  5:07  Marine  
  40  5:08  Siege Tank, Marine  
  32  5:50  SCV  
  33  5:59  Marine  
  33  6:00  Siege Tank, Marine  
  38  6:16  Command Center  
  38  6:17  Marine x2  
  40  6:21  SCV  
  41  6:37  Marine x2  
  41  6:39  Siege Tank  
  46  6:40  SCV  
  47  6:52  SCV  
  48  6:54  Command Center  
  48  6:55  Marine  
  47  7:12  SCV  
  47  7:13  Refinery  
  47  7:14  Marine  
  47  7:15  Marine  
  50  7:16  Siege Tank  
  53  7:27  SCV  
  54  7:32  Marine x2  
  56  7:42  SCV  
  57  7:46  Barracks  
  57  7:48  Barracks  
  57  7:50  Marine  
  58  8:01  Armory  
  58  8:05  Missile Turret  
  58  8:10  SCV x2  
  60  8:23  SCV  
  60  8:25  Starport x2  
  60  8:26  Missile Turret  
  62  8:29  Orbital Command  
  61  8:36  Orbital Command  
  61  8:40  SCV  
  61  8:41  Marine  
  63  8:44  Marine  
  63  8:47  Missile Turret  
  64  8:52  SCV  
  64  8:53  Marine  
  64  8:54  SCV  
  67  8:56  Missile Turret  
  78  9:10  Viking x2  
  67  9:13  Missile Turret, SCV x2  
  73  9:22  SCV  
  73  9:23  Marine x4  
  78  9:33  Terran Infantry Weapons Level 2, Terran Infantry Armor Level 2  
  78  9:35  SCV  
  79  9:39  Combat Shields  
  79  9:41  SCV x2  
  79  9:42  Marine  
  82  9:47  Marine  
  82  9:48  Marine  
  84  9:57  Supply Depot  
  84  9:58  Supply Depot  
  84  10:03  SCV  
  85  10:10  Refinery  
  85  10:19  Medivac, Marine x4, SCV x3  
  94  10:31  SCV  
  94  10:35  Refinery, SCV  
  95  10:36  SCV  
  95  10:37  Refinery, Siege Tank, Marine x4  
  95  10:38  Medivac  
  95  10:42  Terran Vehicle Weapons Level 1  
  106  10:49  SCV x3  
  109  10:55  Supply Depot x2  
  109  10:57  Supply Depot  
  109  11:16  Medivac, SCV x3  
  114  11:23  Marine x4  
  114  11:24  Siege Tank  
  114  11:25  Medivac  
  123  11:28  SCV  
  124  11:40  Marine  
  124  11:42  SCV x3  
  124  11:46  Medivac, Marine, Command Center  
  131  11:48  Marine x2  
  133  11:55  Medivac  
  133  11:58  Marine  
  133  12:00  SCV  
  133  12:01  SCV x2  
  139  12:02  Bunker  
  139  12:05  Marine x2  
  141  12:08  Bunker  
  141  12:51  Supply Depot  
  141  12:53  Supply Depot  
  141  12:55  Supply Depot  
  141  12:56  Marine, Widow Mine  
  141  12:57  Medivac, Marine x3, SCV  
  142  12:58  Supply Depot  
  142  12:59  Missile Turret  
  142  13:01  Missile Turret  
  86  13:13  Marine  
  86  13:14  Marine  
  86  13:15  Marauder, Marine  
  77  13:31  Siege Tank, Marine  
  77  13:32  Marine  
  77  13:33  Viking x2, Marine  
  85  13:36  Marauder  
  81  13:51  Marine  
  81  13:58  Marauder  
  68  14:03  Viking x2, Siege Tank  
  68  14:08  Marine  
  62  14:19  Marine  
  63  14:26  Marine  
  64  14:32  Viking  
Show
View Real Time Build Order
Export as new Build Order

fortes Zerg - Winner!

Build Orders: Pool First 

Get SALT Encoding   

  12  0:01  Drone  
  13  0:08  Drone  
  14  0:18  Overlord  
  14  0:21  Extractor  
  14  0:28  Extractor  
  14  0:29  Drone  
  15  0:41  Drone x2  
  17  0:51  Spawning Pool  
  17  0:52  Drone  
  17  0:59  Drone  
  18  1:07  Drone  
  19  1:23  Hatchery  
  18  1:26  Drone  
  19  1:38  Queen  
  19  1:39  Drone  
  22  1:43  Overlord  
  22  1:51  Extractor  
  21  1:57  Roach Warren  
  21  1:58  Drone  
  21  2:06  Drone  
  22  2:22  Queen  
  24  2:39  Zergling x2  
  24  2:42  Zergling x6  
  28  2:49  Drone  
  29  2:53  Drone x2  
  29  2:54  Drone  
  29  2:57  Queen  
  34  3:11  Zergling x4  
  36  3:17  Overlord  
  36  3:18  Overlord  
  36  3:34  Queen  
  38  3:50  Metabolic Boost  
  38  3:58  Evolution Chamber  
  37  4:26  Zergling x2  
  37  4:27  Zergling x16  
  46  4:38  Zerg Melee Weapons Level 1  
  46  4:42  Roach x3  
  52  4:56  Overlord x3  
  52  5:06  Hatchery  
  51  5:09  Drone  
  52  5:15  Overlord x3  
  50  5:40  Zergling x2  
  50  5:41  Zergling x10  
  54  5:56  Zergling x2  
  55  5:57  Zergling x2  
  39  6:14  Drone x2  
  39  6:16  Drone x2  
  43  6:27  Roach x2  
  43  6:28  Roach  
  49  6:33  Zerg Missile Weapons Level 1  
  49  6:43  Extractor  
  44  7:15  Roach  
  44  7:16  Roach x6  
  44  7:20  Drone  
  44  7:21  Drone x3  
  44  7:22  Drone x4  
  64  7:26  Queen  
  66  7:36  Hatchery  
  63  7:44  Ravager  
  64  7:54  Zergling x4  
  58  8:28  Zerg Ground Armor Level 1  
  58  8:40  Lair  
  58  8:57  Drone  
  58  8:58  Drone x8  
  67  9:08  Lair  
  67  9:27  Extractor  
  67  9:29  Extractor  
  65  9:50  Ravager x2  
  67  9:53  Drone x7  
  67  9:54  Drone x5  
  79  10:11  Drone x3  
  82  10:22  Hatchery  
  82  10:23  Drone x3  
  84  10:32  Hydralisk Den  
  83  11:04  Drone x3  
  83  11:05  Hydralisk, Drone x2  
  90  11:37  Hydralisk  
  90  11:38  Hydralisk x2  
  96  11:40  Overlord x3  
  96  11:58  Queen  
  98  12:06  Drone x3  
  101  12:30  Hydralisk x3  
  101  12:31  Hydralisk x3  
  101  12:33  Queen  
  101  12:34  Zergling x10  
  102  13:20  Zergling x2  
  102  13:21  Zergling x22  
  112  13:37  Zergling x2  
  112  13:38  Zergling x6  
  106  14:00  Zergling x12  
  106  14:01  Zergling x4  
  113  14:10  Zergling x2  
  113  14:11  Zergling x6  
  99  14:32  Hydralisk  
  99  14:33  Hydralisk x7  
  104  15:00  Hydralisk  
  104  15:01  Hydralisk x8  
  119  15:32  Spine Crawler  
  119  15:34  Spine Crawler  
  113  15:38  Spine Crawler  
Show
View Real Time Build Order
Export as new Build Order

DarkTemplar Protoss - Winner!

Build Orders:  

Get SALT Encoding   

  12  0:02  Probe  
  14  0:14  Probe  
  14  0:20  Pylon  
  14  0:26  Probe  
  15  0:30  Assimilator  
  15  0:34  Probe  
  16  0:47  Gateway, Probe  
  17  0:59  Probe  
  18  1:06  Assimilator  
  19  1:11  Probe  
  19  1:18  Pylon  
  19  1:23  Probe  
  20  1:35  Cybernetics Core  
  20  1:43  Probe  
  21  1:55  Gateway, Probe  
  22  2:08  Warp Gate  
  22  2:13  Robotics Facility  
  22  2:16  Pylon  
  22  2:17  Stalker  
  22  2:52  Probe  
  23  3:01  Stalker  
  23  3:04  Warp Prism  
  25  3:10  Probe  
  28  3:44  Immortal  
  32  4:01  Nexus  
  32  4:12  Probe  
  33  4:24  Observer  
  34  4:28  Forge  
  34  4:35  Probe  
  35  4:45  Pylon  
  35  4:47  Probe  
  35  4:51  Protoss Ground Weapons Level 1  
  36  4:59  Probe  
  37  5:11  Probe  
  38  5:20  Probe  
  39  5:24  Probe  
  40  5:32  Probe  
  41  5:36  Probe  
  41  5:38  Zealot  
  41  5:39  Zealot  
  46  5:44  Probe  
  47  6:02  Gateway  
  47  6:05  Gateway  
  47  6:07  Gateway  
  47  6:10  Stalker  
  47  6:11  Stalker  
  47  6:12  Assimilator  
  47  6:17  Assimilator  
  39  6:21  Probe x2  
  35  6:30  Pylon  
  35  6:31  Observer  
  36  6:33  Probe x2, Pylon  
  38  6:45  Probe x2  
  40  6:48  Protoss Ground Armor Level 1  
  40  6:52  Pylon, Observer, Twilight Council  
  41  6:56  Twilight Council  
  41  7:11  Photon Cannon  
  41  7:14  Photon Cannon  
  41  7:17  Probe  
  41  7:18  Probe  
  41  7:19  Photon Cannon  
  44  7:30  Probe  
  44  7:31  Observer  
  45  7:38  Blink  
  45  7:49  Dark Shrine  
  45  7:51  Charge  
  45  7:54  Stargate  
  45  7:56  Stargate  
  45  7:58  Pylon  
  45  7:59  Forge  
  45  8:15  Probe x2  
  45  8:19  Nexus  
  47  8:26  Assimilator  
  47  8:27  Probe x2, Protoss Ground Weapons Level 2  
  47  8:30  Assimilator  
  47  8:32  Protoss Ground Armor Level 2, Pylon  
  47  8:34  Protoss Air Armor Level 1  
  49  8:35  Pylon  
  49  8:54  Robotics Bay  
  49  9:01  Pylon  
  49  9:06  Probe x2  
  49  9:09  Stalker  
  53  9:10  Stalker  
  53  9:12  Dark Templar  
  56  9:18  Probe  
  57  9:26  Stalker  
  57  9:27  Stalker  
  61  9:32  Photon Cannon  
  61  9:39  Photon Cannon  
  61  9:41  Probe  
  61  9:42  Probe  
  63  9:46  Probe  
  63  9:49  Probe  
  64  9:54  Probe  
  66  10:01  Warp Prism  
  66  10:07  Extended Thermal Lance  
  68  10:20  Dark Templar  
  68  10:21  Dark Templar x2  
  72  10:23  Probe x2  
  72  10:24  Probe  
  72  10:26  Resonating Glaives  
  77  10:30  Phoenix  
  77  10:35  Probe  
  80  10:36  Stalker  
  80  10:37  Colossus  
  80  10:41  Stalker  
  90  11:00  Shield Battery  
  90  11:08  Stalker  
  90  11:09  Stalker  
  90  11:10  Stalker  
  96  11:13  Stalker x2  
  100  11:29  Probe x2  
  100  11:31  Colossus  
  108  11:55  Stalker  
  108  11:56  Stalker x2  
  108  11:57  Stalker x2  
  118  12:07  Gateway  
  118  12:11  Gateway  
  118  12:16  Gateway, Nexus  
  118  12:18  Gateway  
  118  12:19  Pylon  
  118  12:20  Pylon  
  118  12:26  Colossus  
  118  12:32  Dark Templar x3  
  118  12:33  Dark Templar x2  
  134  12:43  Pylon  
  134  12:45  Pylon  
  134  12:50  Pylon  
  93  13:21  Colossus  
  93  13:25  Stalker  
  93  13:26  Stalker x3  
  91  13:29  Stalker  
  91  14:00  Void Ray x2  
  99  14:03  Stalker  
  99  14:04  Stalker x2  
  99  14:05  Stalker x2  
  99  14:08  Colossus  
  109  14:13  Probe x4  
  115  15:02  Stalker x3  
  115  15:03  Stalker x2  
  115  15:04  Stalker x2  
  115  15:05  Stalker x2  
  139  15:11  Assimilator  
  139  15:16  Assimilator  
  139  15:19  Pylon  
  139  15:24  Pylon  
  139  15:26  Pylon  
Show
View Real Time Build Order
Export as new Build Order

Pryce Protoss - Winner!

Build Orders:  

Get SALT Encoding   

  12  0:02  Probe  
  13  0:17  Pylon  
  13  0:19  Probe  
  14  0:34  Probe  
  15  0:46  Probe  
  15  0:47  Gateway  
  16  0:57  Probe  
  16  1:03  Assimilator  
  17  1:05  Probe  
  18  1:30  Probe  
  19  1:42  Probe  
  19  1:44  Assimilator  
  20  1:51  Cybernetics Core  
  20  1:55  Probe  
  20  1:56  Pylon  
  21  2:07  Probe  
  22  2:19  Probe  
  23  2:25  Pylon  
  23  2:28  Forge  
  23  2:31  Probe  
  23  2:33  Gateway, Adept  
  26  2:58  Adept  
  26  3:01  Warp Gate  
  28  3:24  Adept  
  30  3:28  Stargate  
  30  3:42  Adept  
  30  3:45  Stalker  
  32  3:52  Nexus  
  33  3:59  Protoss Shields Level 1  
  33  4:09  Adept  
  35  4:15  Stalker  
  36  4:45  Stalker  
  38  4:56  Probe  
  39  5:05  Void Ray  
  43  5:08  Probe  
  44  5:20  Probe  
  45  5:23  Probe  
  46  5:29  Pylon  
  46  5:33  Probe, Pylon  
  47  5:35  Probe  
  47  5:39  Assimilator  
  48  5:45  Probe  
  48  5:47  Probe  
  48  5:48  Void Ray  
  54  6:00  Probe  
  55  6:12  Probe, Adept  
  55  6:13  Adept  
  60  6:21  Void Ray  
  64  6:38  Probe  
  64  6:46  Probe  
  66  6:57  Stalker  
  66  6:58  Stalker  
  70  7:14  Pylon  
  70  7:32  Probe, Void Ray  
  70  7:35  Pylon  
  75  7:37  Pylon  
  75  7:44  Probe, Pylon  
  75  7:50  Assimilator  
  76  7:56  Probe, Sentry  
  79  8:06  Stalker  
  81  8:14  Void Ray  
  81  8:18  Protoss Ground Armor Level 1  
  85  9:30  Fleet Beacon  
  85  9:36  Twilight Council  
  85  9:39  Pylon  
  85  9:46  Stargate  
  85  9:52  Stargate  
  85  10:12  Protoss Ground Weapons Level 1  
  85  10:27  Carrier  
  85  10:40  Tempest  
  85  10:43  Pylon  
  97  11:14  Tempest  
  103  11:26  Adept  
  105  11:33  Tempest  
  111  11:48  Carrier  
  117  12:16  Pylon  
  117  12:19  Pylon  
  117  12:27  Mothership  
  117  12:34  Tempest  
  131  13:07  Tempest  
  81  13:50  Tempest  
  87  14:14  Void Ray  
  91  14:57  Void Ray  
  95  15:10  Pylon  
Tags
 
Add a new tag
Caveats
  • Supply blocks, unpowered buildings, or Contaminate may cause inaccurate times.
  • Supply counts are checked every 10 seconds.